 Dungeon Crawl Stone Soup version 0.29-a0-96-g93358da72b (webtiles) character file.

Game seed: 3052804201362394298

199 Grim the Slasher (level 5, 0/45 HPs)
             Began as a Minotaur Fighter on Feb 12, 2022.
             Was an Initiate of the Shining One.
             Killed from afar by an orc wizard (7 damage)
             ... with a puff of flame
             ... on level 3 of the Dungeon.
             The game lasted 00:03:09 (2400 turns).

Grim the Slasher (Minotaur Fighter)                 Turns: 2400, Time: 00:03:09

Health: 0/45       AC:  8    Str: 21    XL:     5   Next: 48%
Magic:  4/4        EV:  9    Int:  7    God:    the Shining One [......]
Gold:   62         SH:  4    Dex:  9    Spells: 4/4 levels left

rFire   . . .      SeeInvis .   a - +0 long sword
rCold   . . .      Faith    .   c - +0 buckler
rNeg    . . .      Spirit   .   b - +0 scale mail
rPois   .          Reflect  .   (helmet restricted)
rElec   .          Harm     .   e - +0 cloak
rCorr   .          Rampage  .   (no gloves)
Will    .....                   (no boots)
Stlth   ..........              (no amulet)
HPRegen 0.15/turn               (no ring)
MPRegen 0.09/turn               (no ring)

@: mighty, glowing
A: horns 2, retaliatory headbutt
a: Renounce Religion


You were on level 3 of the Dungeon.
You worshipped the Shining One.
The Shining One was noncommittal.
You visited 1 branch of the dungeon, and saw 3 of its levels.

You collected 62 gold pieces.

Inventory:

Hand Weapons
 a - a +0 long sword (weapon)
Missiles
 f - 6 boomerangs (quivered)
Armour
 b - a +0 scale mail (worn)
 c - a +0 buckler (worn)
 e - a +0 cloak (worn)
Jewellery
 g - a ring of ice
Scrolls
 h - a scroll of identify {unknown}
 j - a scroll of magic mapping {unknown}
 k - a scroll of amnesia {unknown}
 m - a scroll of noise {unknown}
Potions
 d - a potion of might
 i - a potion of attraction {unknown}
 l - a potion of curing
 n - 2 potions of cancellation {unknown}
 o - a potion of magic {unknown}


   Skills:
 - Level 3.6 Fighting
 * Level 6.9 Long Blades
 - Level 3.6 Armour
 - Level 3.6 Shields
 + Level 0.7 Invocations


You had 4 spell levels left.
You didn't know any spells.
Your spell library was empty.

Dungeon Overview and Level Annotations

Branches:
Dungeon (3/15)

Altars:
Makhleb
The Shining One


Innate Abilities, Weirdness & Mutations

You have a pair of horns on your head.
You reflexively headbutt those who attack you in melee.


Message History

Reactivating autopickup.
The orc wizard hits you with a +0 dagger.
* * * LOW HITPOINT WARNING * * *
You closely miss the orc wizard.
You feel less confused.
The orc wizard mumbles some strange words.
The orc wizard flickers and vanishes!
Deactivating autopickup; reactivate with Ctrl-A.
You barely miss something. Something hits you but does no damage.
You hit something. Something hits you.
* * * LOW HITPOINT WARNING * * *
You miss something. Your headbutt misses something.
Something hits you but does no damage.
You completely miss something. Something hits you but does no damage.
You miss something. Something hits you but does no damage.
You miss something. You headbutt something. Something hits you.
* * * LOW HITPOINT WARNING * * *
You hit something. Your headbutt misses something.
Something hits you but does no damage.
You closely miss something. Your headbutt misses something.
You hear some strange, mumbled words.
A magic dart appears from out of thin air!
The magic dart hits you.
* * * LOW HITPOINT WARNING * * *
Something hits you.
* * * LOW HITPOINT WARNING * * *
You barely miss something.
You hear some strange, mumbled words.
A magic dart appears from out of thin air!
The magic dart hits you.
* * * LOW HITPOINT WARNING * * *
Unknown command.
You feel very mighty all of a sudden. Something hits you but does no damage.
You completely miss something. You block something's attack.
You miss something.
You hear some strange, mumbled words.
A puff of flame appears from out of thin air!
The puff of flame hits you!
You die...

#......#.#
###.†.##.#
#.†.##.#
#......#
#...##### #.###
#.# #.# #[#
#.#####.#
#...@{o.# #
#######)####...
#.........
#.........
##.####... #.#
.. #.# #.# #.#


You could see an orc.

Vanquished Creatures
  An orc priest (D:3)
  Natasha (thrice) (D:2)
  An adder (D:2)
  3 worms
  3 dart slugs
  2 orcs (D:3)
  5 bats
  4 endoplasms
  4 giant cockroaches
  7 goblins
  4 hobgoblins
  4 jackals (D:3)
  4 kobolds
  4 quokkas
  8 ball pythons
  3 frilled lizards (D:2)
  9 rats
69 creatures vanquished.

Notes
Turn   | Place    | Note
-------+----------+-------------------------------------------
     0 | D:1      | Grim the Minotaur Fighter began the quest for the Orb.
     0 | D:1      | Reached XP level 1. HP: 19/19 MP: 0/0
    37 | D:1      | Reached skill level 3 in Long Blades
   127 | D:1      | Reached XP level 2. HP: 26/26 MP: 1/1
   373 | D:1      | Found a faded altar of an unknown god.
   430 | D:1      | Reached skill level 4 in Long Blades
   612 | D:1      | Reached XP level 3. HP: 31/31 MP: 2/2
   896 | D:2      | Noticed Natasha
   904 | D:2      | Killed Natasha
   905 | D:2      | Reached skill level 5 in Long Blades
  1013 | D:2      | Reached XP level 4. HP: 30/39 MP: 3/3
  1096 | D:2      | Found a burning altar of Makhleb.
  1150 | D:2      | Noticed Natasha
  1166 | D:2      | Killed Natasha
  1294 | D:2      | Noticed Natasha
  1312 | D:2      | Killed Natasha
  1313 | D:2      | Reached skill level 6 in Long Blades
  1595 | D:2      | Reached XP level 5. HP: 43/45 MP: 4/4
  2226 | D:3      | Found a glowing golden altar of the Shining One.
  2241 | D:3      | Became a worshipper of the Shining One
  2400 | D:3      | Killed from afar by an orc wizard

Illustrated notes

Levels and vault maps discovered:
D:1:      psy_arrival_terrarium, layout_basic, chequers_ecumenical_altar_island,
          minmay_misc_feat_square
D:2:      layout_basic, basic_altar, minmay_heptomino_l4, uniq_natasha
D:3:      layout_basic, nicolae_tso_carved_into_rock

Skill      XL: |  1  2  3  4 |
---------------+-------------+-----
Long Blades    | 3 4 5 6 |  6.9
Fighting       | |  3.6
Armour         | |  3.6
Shields        | |  3.6
Invocations    | |  0.7

Action                   |  1- 3 |  4- 6 || total
-------------------------+-------+-------++-------
Melee: Long sword        |    86 |   115 ||   201
       Headbutt          |    10 |    10 ||    20
  Use: Potion            |       |     1 ||     1
Armor: Scale mail        |    34 |    65 ||    99
Dodge: Dodged            |    34 |    37 ||    71
Block: Buckler           |    19 |    21 ||    40

Table legend: (Time is in decaauts)
 A = Elapsed time spent in this place.
 B = Non-inter-level travel time spent in this place.
 C = Inter-level travel time spent in this place.
 D = Time resting spent in this place.
 E = Time spent auto-exploring this place.
 F = Levels seen in this place.
 G = Mean time per level.
                   A        B        C        D        E       F      G
               +--------+--------+--------+--------+--------+-----+--------+
         Total |   2456 |   2433 |     23 |    514 |   1410 |   3 |  818.7 |
       Dungeon |   2456 |   2433 |     23 |    514 |   1410 |   3 |  818.7 |
               +--------+--------+--------+--------+--------+-----+--------+

Top non-repeatable levels by time:
     D:2: 1174 daAuts
     D:1: 980 daAuts
     D:3: 302 daAuts
